 Dungeon Crawl Stone Soup version 0.28.0-43-g3370ac3207 (webtiles) character file.

Game seed: 8762843503610415575

127 mortz the Conjurer (level 4, -1/33 HPs)
             Began as a Draconian Conjurer on Mar 5, 2022.
             Succumbed to a kobold brigand's curare-tipped dart
             ... on level 4 of the Dungeon.
             The game lasted 00:12:11 (3561 turns).

mortz the Conjurer (Draconian Conjurer)             Turns: 3561, Time: 00:12:12

Health: -1/33      AC:  5    Str: 10    XL:     4   Next: 85%
Magic:  4/8        EV: 12    Int: 26    God:
Gold:   53         SH:  0    Dex: 15    Spells: 6/9 levels left

rFire   . . .      SeeInvis .   x - +2 whip (vamp) {mace}
rCold   . . .      Faith    .   (no shield)
rNeg    . . .      Spirit   .   (armour unavailable)
rPois   .          Reflect  .   (helmet restricted)
rElec   .          Harm     .   (no cloak)
rCorr   .          Rampage  .   (no gloves)
Will    .....                   (no boots)
Stlth   ++........              (no amulet)
HPRegen 0.11/turn               d - +6 ring of dexterity
MPRegen 0.11/turn               w - +6 ring of intelligence

@: lethally poisoned (-1 -> -6), slowed, very slow
A: AC +5, unfitting armour, cold-blooded
a: no special abilities


You were on level 4 of the Dungeon.
You visited 1 branch of the dungeon, and saw 4 of its levels.

You collected 119 gold pieces.
You spent 66 gold pieces at shops.


Innate Abilities, Weirdness & Mutations

Your plain brown scales are hard. (AC +5)
You cannot fit into any form of body armour.
You are cold-blooded and may be slowed by cold attacks.


   Skills:
 + Level 1.8 Dodging
 + Level 2.2 Stealth
 + Level 3.2 Spellcasting
 + Level 5.2 Conjurations


You had 6 spell levels left.
You knew the following spells:

 Your Spells              Type           Power      Damage    Failure   Level
a - Magic Dart            Conj           100%       1d8       1%          1
b - Searing Ray           Conj           62%        2d6       1%          2

Your spell library contained the following spells:

 Spells                   Type           Power      Damage    Failure   Level
 Animate Skeleton         Necr           8%         N/A       10%         1
 Apportation              Tloc           8%         N/A       10%         1
 Summon Small Mammal      Summ           16%        N/A       10%         1
 Dazzling Flash           Conj/Hex       34%        N/A       10%         3
 Fulminant Prism          Conj/Hex       8%         3d7       30%         4
 Iskenderun's Mystic Bla  Conj/Tloc      17%        2d5       30%         4

Inventory:

Hand Weapons
 c - a +0 dagger {short}
   (You took it off a goblin on level 1 of the Dungeon)
 k - a +0 short sword {short}
   (You took it off a kobold on level 1 of the Dungeon)
 x - a +2 vampiric whip (weapon) {mace}
   (You took it off an orc on level 4 of the Dungeon)
Missiles
 a - 92 stones {throwing}
 l - 2 javelins {throwing}
 n - 5 boomerangs of dispersal {=f!fthrowing}
 s - 4 poisoned darts {throwing}
 t - a boomerang {throwing}
Jewellery
 d - a +6 ring of dexterity (left hand)
   (You found it on level 1 of the Dungeon)
 w - a +6 ring of intelligence (right hand)
   (You found it on level 4 of the Dungeon)
Wands
 u - a wand of paralysis (3)
   (You found it on level 3 of the Dungeon)
Scrolls
 f - 2 scrolls of teleportation {@r4}
 j - a scroll of immolation {unknown}
 o - a scroll of brand weapon
 p - a scroll of fear
 v - a scroll of vulnerability {unknown}
Potions
 b - 2 potions of invisibility {unknown}
 e - 2 potions of heal wounds {unknown}
 g - 4 potions of haste {@q3}
 h - a potion of brilliance {unknown}
 i - a potion of flight {unknown}
 m - a potion of might {unknown}
 q - 3 potions of curing {unknown}
 r - a potion of attraction {unknown}

Dungeon Overview and Level Annotations

Branches:
Dungeon (4/15)
 Temple: D:4-7

Altars:

Shops:
D:2

? .<.......
.####+#................#
##....#................#
.#....#...).o..........#
.#....#................###
.#....#...................
##....#....................
##....#....................
##....#........)@)..o......
##....'>.....#####.........
......#......+ #.........
......#......# #..J......
##....#....>.# #[........
##....######## #.........
.#...... #.....##'#
##....... #...K.#
##........ #.....#


You could see an orc priest (fleeing), an orc (fleeing) and an endoplasm
(fleeing).


Message History

Aim: an orc, wielding a +2 vampiric whip and wearing a +0 ring mail (100% to hit)
The magic dart hits the orc but does no damage.
An endoplasm comes into view. 😎 MP[-1]
You lost 1 mp, and now have 4/8 mp.
Casting: Magic Dart (safe; 1% risk of failure)
Confirm with . or Enter, or press ? or * to list all spells.
Aiming: Searing Ray (safe; 1% risk of failure)
Press: ? - help, Shift-Dir - straight line, f/p - orc
Aim: an orc, wielding a +2 vampiric whip and wearing a +0 ring mail (82% to hit)
The searing ray hits the orc!
You kill the orc! (Press . to maintain the ray.)
The endoplasm quivers. 😎 MP[-2]
You lost 2 mp, and now have 2/8 mp.
Things that are here:
a +2 vampiric whip {mace}; a +0 ring mail; an orc corpse
x - a +2 vampiric whip {mace} You feel a sense of dread.
x - a +2 vampiric whip (weapon)
{mace} 😎 MP[+1]
An orc wizard comes into view. It is wielding a +0 dagger.
The orc wizard shouts!
You hear a shout!
The orc wizard moves out of view.
A kobold brigand comes into view.
It is wielding a +0 dagger and quivering curare-tipped darts.
The kobold brigand throws a curare-tipped dart.
The curare-tipped dart closely misses you.
You hit the orc.
The kobold brigand throws a curare-tipped dart.
The curare-tipped dart hits you.
You are poisoned.
You have difficulty breathing.
You feel yourself slow down. The orc barely misses you. 😮 HP[-11]
You take 11 damage, and now have 22/33 hp.
MASSIVE DAMAGE!! (PAUSE)
Casting: Searing Ray (safe; 1% risk of failure)
Confirm with . or Enter, or press ? or * to list all spells.
Okay, then.
Casting: Searing Ray (safe; 1% risk of failure)
Confirm with . or Enter, or press ? or * to list all spells.
Aiming: Searing Ray (safe; 1% risk of failure)
Press: ? - help, Shift-Dir - straight line, f - orc wizard
Aim: an orc wizard, wielding a +0 dagger and wearing a +0 robe (74% to hit)
Okay, then.
Unknown command.
You feel very sick. 😮 HP[-3]
You take 3 damage, and now have 19/33 hp.
You feel sick. The endoplasm freezes you.
You are frozen.
You feel as though you will be slow longer.
The orc closely misses you.
The endoplasm barely misses you. 😮 HP[-2]
You take 2 damage, and now have 17/33 hp.
You feel sick.
The endoplasm hits you but does no damage.
Things that are here:
a +0 ring mail; an orc corpse; 😨 HP[-2]
You take 2 damage, and now have 15/33 hp.
You feel sick. The endoplasm freezes you.
You are frozen.
* * * LOW HITPOINT WARNING * * *
You feel as though you will be slow longer.
The endoplasm hits you but does no damage. 😨 HP[-4] MP[+1]
You take 4 damage, and now have 11/33 hp.
You feel sick.
You are no longer poisoned. 😨 HP[-1]
You take 1 damage, and now have 10/33 hp.
The endoplasm barely misses you. 😨 HP[+1]
The orc priest shouts!
The orc wizard gestures wildly while chanting.
The orc wizard flickers and vanishes!
Deactivating autopickup; reactivate with Ctrl-A.
The kobold brigand throws a curare-tipped dart.
The curare-tipped dart hits you.
You are poisoned.
You have difficulty breathing.
* * * LOW HITPOINT WARNING * * *
You feel as though you will be slow longer.
Things that are here:
a +0 mace {mace}; a +0 leather armour; 😱 HP[-7]
You take 7 damage, and now have 4/33 hp.
MASSIVE DAMAGE!! (PAUSE)
As you read the scroll of fear, it crumbles to dust.
You assume a fearsome visage.
The orc looks frightened!
The orc priest looks frightened!
The kobold brigand looks frightened!
The endoplasm looks frightened!
* * * LOW HITPOINT WARNING * * *
You feel very sick. 😱 HP[-3]
You take 3 damage, and now have 1/33 hp.
You die...

Skill      XL: |  1  2  3  4 |
---------------+-------------+-----
Stealth        | 2 |  2.2
Conjurations   | 5 |  5.2
Spellcasting   | 3 |  3.2
Dodging        | |  1.8

Action                   |  1- 3 |  4- 6 || total
-------------------------+-------+-------++-------
Melee: Dagger            |     4 |       ||     4
       Whip              |       |     1 ||     1
 Cast: Magic Dart        |    77 |    38 ||   115
       Searing Ray       |     3 |     4 ||     7
  Use: Scroll            |     2 |     2 ||     4
Armor: Skin              |     2 |     2 ||     4
Dodge: Dodged            |     5 |     7 ||    12

Levels and vault maps discovered:
D:1:      dpeg_arrival_pond, layout_basic, chequers_serial_rivers_room_b,
          chequers_garden, hangedman_decor_clover_reticule,
          minmay_rat_gold_closets
D:2:      layout_basic, dreamdust_ecumenical_altar_angels_and_demons,
          serial_shops, shop_fountains, bh_walls_and_bars
D:3:      layout_loops_corners
D:4:      layout_gridville, kennysheep_decorative_pillar, minmay_diced_spiral

Notes
Turn   | Place    | Note
-------+----------+-------------------------------------------
     0 | D:1      | mortz the Draconian Conjurer began the quest for the Orb.
     0 | D:1      | Reached XP level 1. HP: 14/14 MP: 3/3
     0 | D:1      | magus.rc [v1.9.6]
   360 | D:1      | Reached XP level 2. HP: 20/20 MP: 0/5
   363 | D:1      | Learned a level 2 spell: Searing Ray
  1003 | D:1      | You pick up a book of Cantrips and begin reading...
  1003 | D:1      | You add the spells Animate Skeleton, Summon Small Mammal
                  | and Apportation to your library.
  1280 | D:2      | Reached XP level 3. HP: 26/26 MP: 3/6
  1443 | D:2      | Reached skill level 2 in Stealth
  1636 | D:2      | Found Casm's Magic Scroll Shoppe.
  1645 | D:2      | Bought a scroll of fear for 42 gold pieces
  1645 | D:2      | Bought a scroll of identify for 24 gold pieces
  1670 | D:2      | Found a faded altar of an unknown god.
  2248 | D:3      | Reached XP level 4. HP: 33/33 MP: 1/8
  2545 | D:3      | Noticed a scorpion
  2690 | D:3      | Reached skill level 5 in Conjurations
  2784 | D:3      | Reached skill level 3 in Spellcasting
  3306 | D:4      | Noticed an orc warrior
  3551 | D:4      | Noticed a kobold brigand
  3559 | D:4      | HP: 4/33 [asphyx]
  3560 | D:4      | HP: 1/33 [poisoned by a kobold brigand (curare-tipped
                  | dart)]
  3561 | D:4      | Succumbed to a kobold brigand's curare-tipped dart

Vanquished Creatures
  6 adders
  2 worms
  A dart slug (D:1)
  9 orcs
  5 ball pythons
  4 endoplasms
  2 giant cockroaches (D:4)
  2 goblins
  5 hobgoblins
  3 bats
  3 frilled lizards
  7 kobolds
  10 rats
59 creatures vanquished.

Table legend:
 A = Non-vault XP
 B = Vault XP
 C = Vault XP percentage of total XP
 D = Non-vault monster count
 E = Vault monster count
 F = Vault count percentage of total count
                 A         B        C        D         E       F
            +---------+---------+-------+---------+---------+-------
      Total |     159 |      23 |  12.6 |      49 |      10 |  16.9
            +---------+---------+-------+---------+---------+-------
        D:1 |      26 |       8 |  23.5 |      15 |       8 |  34.8
        D:2 |      34 |       0 |   0.0 |      11 |       0 |   0.0
        D:3 |      68 |       0 |   0.0 |      15 |       0 |   0.0
        D:4 |      31 |      15 |  32.6 |       8 |       2 |  20.0
            +---------+---------+-------+---------+---------+-------

Illustrated notes

Table legend:
 A = Kills in this place as a percentage of kills in entire the game.
 B = Kills by you in this place as a percentage of kills by you in the entire game.
 C = Kills by friends in this place as a percentage of kills by friends in the entire game.
 D = Other kills in this place as a percentage of other kills in the entire game.
 E = Experience gained in this place as a percentage of experience gained in the entire game.
 F = Experience gained in this place divided by the number of levels of this place that you have seen.
                   A       B       C       D       E      F
               +-------+-------+-------+-------+-------+----------------------
         Total | 100.0 | 100.0 |   N/A |   N/A | 100.0 |  45.5
       Dungeon | 100.0 | 100.0 |   N/A |   N/A | 100.0 |  45.5
               +-------+-------+-------+-------+-------+----------------------

Table legend: (Time is in decaauts)
 A = Elapsed time spent in this place.
 B = Non-inter-level travel time spent in this place.
 C = Inter-level travel time spent in this place.
 D = Time resting spent in this place.
 E = Time spent auto-exploring this place.
 F = Levels seen in this place.
 G = Mean time per level.
                   A        B        C        D        E       F      G
               +--------+--------+--------+--------+--------+-----+--------+
         Total |   3565 |   3412 |    153 |    178 |   2788 |   4 |  891.2 |
       Dungeon |   3565 |   3412 |    153 |    178 |   2788 |   4 |  891.2 |
               +--------+--------+--------+--------+--------+-----+--------+

Top non-repeatable levels by time:
     D:3: 1283 daAuts
     D:1: 1140 daAuts
     D:2: 880 daAuts
     D:4: 260 daAuts
